 Dungeon Crawl Stone Soup version 0.30-b1-2-g02819fbbbe (webtiles) character file.

Game seed: 17072090812001797041

28 Alarkh the Shooter (level 3, 27/27 HPs)
             Began as a Demonspawn Hunter on May 25, 2023.
             Got out of the dungeon alive.
             The game lasted 00:00:34 (890 turns).

Alarkh the Shooter (Demonspawn Hunter)               Turns: 890, Time: 00:00:35

Health: 27/27      AC:  3    Str: 11    XL:     3   Next: 0%
Magic:  3/3        EV: 11    Int: 12    God:
Gold:   44         SH:  4    Dex: 16    Spells: 2/2 levels left

rFire   . . .        a - +0 shortbow
rCold   . . .        (shield currently unavailable)
rNeg    . . .        c - +0 leather armour
rPois   .            (no helmet)
rElec   .            (no cloak)
rCorr   .            (no gloves)
SInv    .            (no boots)
Will    .....        (no amulet)
Stlth   +            (no ring)
HPRegen 0.24/turn    (no ring)
MPRegen 0.08/turn

%: no passive effects
@: no status effects
A: claws 1, condensation shield
a: no special abilities


You escaped.
You visited 1 branch of the dungeon, and saw 2 of its levels.

You collected 44 gold pieces.

Inventory:

Hand Weapons
 a - a +0 shortbow (weapon)
Armour
 c - a +0 leather armour (worn)
Scrolls
 b - a scroll of immolation
 d - 2 scrolls of enchant weapon {unknown}
 f - 3 scrolls of identify {unknown}
Potions
 e - 2 potions of curing {unknown}
 g - a potion of mutation {unknown}
 h - a potion of lignification {unknown}


   Skills:
 - Level 2.0 Fighting
 + Level 4.5 Ranged Weapons
 - Level 1.7 Dodging
 - Level 0.8 Stealth


You had 2 spell levels left.
You didn't know any spells.
Your spell library was empty.

Dungeon Overview and Level Annotations

Branches:
Dungeon (2/15)

Altars:


Innate Abilities, Weirdness & Mutations

You have sharp fingernails.
A meltable shield of frost defends you. (SH +4)


Message History

You see here a hobgoblin corpse.
e - 2 amethyst potions (gained 1)
d - 2 scrolls labelled ZOEROU RUEX (gained 1)
f - 2 scrolls labelled GIPROM TAFU (gained 1)
You see here a +0 scale mail.
f - 3 scrolls labelled GIPROM TAFU (gained 1)
You now have 44 gold pieces (gained 12).
There is a stone staircase leading down here.
There is a stone staircase leading up, spattered with blood here.
Things that are here:
a +0 club; a kobold corpse 2 endoplasms come into view.
Found a fuming cyan potion and a purple potion.
Found a stone staircase leading down.
The endoplasm quivers.
The endoplasm moves out of view.
An endoplasm is nearby!
An endoplasm is nearby!
An endoplasm is nearby!
An endoplasm is nearby!
You shoot an arrow. The arrow hits the endoplasm!
You kill the endoplasm!
You shoot an arrow. The arrow hits the endoplasm!
You kill the endoplasm!
You have reached level 3!
Your experience leads to an increase in your attributes!
Increase (S)trength, (I)ntelligence, or (D)exterity?
You feel clever. x2; Your demonic ancestry asserts itself...
Frost condenses into a shield before you.
Things that are here:
a +0 club; a kobold corpse
There is a stone staircase leading up, spattered with blood here.
You climb upwards.
There is a stone staircase leading down here.
There is a stone staircase leading down here.
You enter the shallow water.
Moving in this stuff is going to be slow.
There is a staircase leading out of the dungeon here.
Are you sure you want to leave the Dungeon?
This will make you lose the game!
You have escaped!

.....#...#
#.##P~~#
######.###
#~PP##.# #.#
#P~P##.#
#.#####~~P...#
#...~P~#####.#
#.##~PP# #.#
#.##P~P# ###.#
#P~P##.# #...#
#~~P##)###.@.#
#~P~.........#
##############


There were no monsters in sight!

Vanquished Creatures
  An adder (D:2)
  2 endoplasms (D:2)
  A giant cockroach (D:1)
  2 goblins
  3 hobgoblins
  3 kobolds
  3 ball pythons (D:1)
  4 bats (D:1)
19 creatures vanquished.

Notes
Turn   | Place    | Note
-------+----------+-------------------------------------------
     0 | D:1      | Alarkh the Demonspawn Hunter began the quest for the Orb.
     0 | D:1      | Reached XP level 1. HP: 16/16 MP: 1/1
   262 | D:1      | Reached skill level 4 in Ranged Weapons
   270 | D:1      | Gained mutation: You have sharp fingernails. [demonic
                  | ancestry]
   270 | D:1      | Reached XP level 2. HP: 22/22 MP: 2/2
   797 | D:2      | Gained mutation: A meltable shield of frost defends you.
                  | (SH +4) [demonic ancestry]
   797 | D:2      | Reached XP level 3. HP: 27/27 MP: 3/3
   890 | D:$      | Got out of the dungeon alive.

Illustrated notes

Levels and vault maps discovered:
D:1:      psy_arrival_conway, layout_loops_ring, serial_bayou_pond_b
D:2:      layout_rooms

Skill      XL: |  1 |
---------------+----+-----
Ranged Weapons | 4 |  4.5
Fighting       | |  2.0
Dodging        | |  1.7
Stealth        | |  0.8

Action                     || total
---------------------------++-------
   Fire: Shortbow          ||    45
 Armour: Leather armour    ||     5
  Dodge: Dodged            ||    12
